 Dungeon Crawl Stone Soup version 0.17.2 (webtiles) character file.

42 Goblin1989 the Twirler (level 3, -1/27 HPs)
             Began as a Demonspawn Gladiator on July 14, 2016.
             Slain by an orc
             ... wielding a +0 flail
              (4 damage)
             ... while paralysed by Grinder
             ... on level 3 of the Dungeon.
             The game lasted 00:04:52 (515 turns).

Goblin1989 the Twirler (Demonspawn Gladiator)        Turns: 515, Time: 00:04:52

Health: -1/27      AC:  7    Str: 16    XL:     3   Next: 35%
Magic:  3/3        EV:  2    Int:  9    God:
Gold:   56         SH:  0    Dex: 13    Spells: 0 memorised, 2 levels left

rFire  . . .     SeeInvis .     a - +0 quarterstaff
rCold  . . .     Clarity  .     b - +0 leather armour
rNeg   . . .     SustAt   .     (shield currently unavailable)
rPois  .         Gourm    .     c - +0 helmet
rElec  .         Spirit   .     i - +0 cloak
rCorr  .         Warding  .     (no gloves)
rMut   .         Stasis   .     (no boots)
MR     .....                    (no amulet)
Stlth  +.........               (no ring)
                                (no ring)

@: paralysed, not resistant to hostile enchantments, very unstealthy
A: talons 1, yellow scales 1
a: no special abilities


You were on level 3 of the Dungeon.
You were not hungry.

You visited 1 branch of the dungeon, and saw 3 of its levels.

You collected 56 gold pieces.

Inventory:

Hand Weapons
 a - a +0 quarterstaff (weapon)
Missiles
 d - 3 throwing nets (quivered)
Armour
 b - a +0 leather armour (worn)
 c - a +0 helmet (worn)
 i - a +0 cloak (worn)
Scrolls
 f - a scroll of blinking
 g - a scroll of remove curse
 k - a scroll of identify {unknown}
Potions
 h - a potion of curing {unknown}
 l - a potion of mutation {unknown}
Comestibles
 e - a bread ration
 j - a chunk of flesh
 m - a royal jelly
 n - 4 fruits


   Skills:
 - Level 2.0 Fighting
 + Level 4.0 Staves
 - Level 1.7 Throwing
 - Level 2.6 Dodging


You had 2 spell levels left.
You didn't know any spells.

Dungeon Overview and Level Annotations

Branches:
Dungeon (3/15)

Altars:
Xom

Annotations:
D:1 1 runed door
D:3 Grinder


Innate Abilities, Weirdness & Mutations

You have sharp toenails.
You are partially covered in yellow scales (AC +2).


Message History

Grinder says, "Wait up."
There is an escape hatch in the ceiling here.
There is a stone staircase leading up here.
Unknown command.
The orc hits you but does no damage.
Grinder gestures.
Grinder blinks!
The orc hits you but does no damage.
You closely miss the orc. Your kick misses the orc. The orc closely misses you.
Grinder hits you but does no damage. The orc closely misses you.
The orc hits you with a flail.
You closely miss Grinder. You claw Grinder, but do no damage.
The orc hits you but does no damage. Grinder hits you.
You writhe in agony.
The orc barely misses you. The orc hits you with a flail.
You completely miss Grinder. You claw Grinder, but do no damage.
The orc hits you with a flail. Grinder hits you.
You writhe in agony.
* * * LOW HITPOINT WARNING * * *
The orc closely misses you. x2
Grinder gestures at you.
You suddenly lose the ability to move!
The orc hits you with a flail.
You die...

#..... .... .....#.#
#.....######....# .
........
#..........>....###..
........
#.!.....#............
........
#..#.####..#............
##.#.#.........>........
#..<..5.......##.......
###..oo................
##...o@...<............
####......................
#....#...................†
#.#####.............####..
###.# ##.............###..
##...# #........###......#
#..### ##########...##....
##.## ######)#######. #..#
#.....†# .


You could see Grinder and 3 orcs.

Vanquished Creatures
  An adder (D:3)
  An ooze (D:1)
  A giant gecko (D:1)
  2 bats (D:1)
  3 goblins
  3 hobgoblins
  8 jackals
  3 kobolds
  A ball python (D:3)
  A giant newt (D:3)
  A rat (D:1)
25 creatures vanquished.

Notes
Turn   | Place    | Note
--------------------------------------------------------------
     0 | D:1      | Goblin1989 the Demonspawn Gladiator began the quest for the Orb.
     0 | D:1      | Reached XP level 1. HP: 16/16 MP: 1/1
     1 | D:1      | Found a runed door.
     1 | D:1      | Noticed a jelly
    24 | D:1      | Reached skill level 3 in Staves
    52 | D:1      | Gained mutation: You have sharp toenails. [demonic ancestry]
    52 | D:1      | Reached XP level 2. HP: 16/22 MP: 2/2
   346 | D:3      | Gained mutation: You are partially covered in yellow scales (AC +2). [demonic ancestry]
   346 | D:3      | Reached XP level 3. HP: 22/27 MP: 3/3
   370 | D:3      | Found a shimmering altar of Xom.
   427 | D:3      | Reached skill level 4 in Staves
   502 | D:3      | Noticed Grinder
   515 | D:3      | Paralysed by Grinder for 2 turns
   515 | D:3      | Slain by an orc

Action                   || total
-------------------------++-------
Melee: Quarterstaff      ||    77
  Use: Scroll            ||     2
 Stab: Sleeping          ||     1
